 Dungeon Crawl Stone Soup version 0.23-a0-819-g6debee6 (webtiles) character file.

1152 Varus the Covert (level 8, -4/67 HPs)
             Began as a Naga Assassin on Jan 22, 2019.
             Slain by a centaur (10 damage)
             ... on level 6 of the Dungeon.
             The game lasted 00:10:30 (5761 turns).

Varus the Covert (Naga Assassin)                    Turns: 5761, Time: 00:10:31

Health: -4/67      AC:  3    Str: 15 (16) XL:     8   Next: 38%
Magic:  17/17      EV:  9    Int: 10 (11) God:
Gold:   416        SH:  8    Dex: 13      Spells: 5/7 levels left

rFire    . . .     SeeInvis +   a - +2 dagger
rCold    . . .     Gourm    .   l - +0 buckler
rNeg     . . .     Faith    .   (no armour)
rPois    +         Spirit   .   (no helmet)
rElec    .         Reflect  .   d - +0 cloak
rCorr    .         Harm     .   (no gloves)
MR       +....                  (no barding)
Stlth    +++++.....             i - amulet of regeneration
HPRegen  0.61/turn              r - ring of magical power
MPRegen  0.15/turn              (no ring)

@: very slow
A: large, large bone plates 1, see invisible, deformed body, deterioration 2,
poison resistance, screaming 1, slowness 2, slow metabolism 1, spit poison 1, AC
+2
a: Spit Poison


You were on level 6 of the Dungeon.
You were not hungry.

You visited 1 branch of the dungeon, and saw 6 of its levels.

You collected 416 gold pieces.

Inventory:

Hand Weapons
 a - a +2 dagger (weapon)
 b - a +0 blowgun
Missiles
 e - 69 poisoned needles
 f - 2 curare-tipped needles
 h - 142 stones (quivered)
Armour
 c - a +0 robe
 d - a +0 cloak (worn)
 l - a +0 buckler (worn)
 v - a +1 helmet
 A - a +0 chain mail of cold resistance
Jewellery
 i - an amulet of regeneration (around neck)
 r - a ring of magical power (left hand)
Wands
 x - a wand of flame (13)
Scrolls
 j - 4 scrolls of remove curse
 k - 2 scrolls of magic mapping
 m - 2 scrolls of random uselessness
 t - a scroll of teleportation {unknown}
 w - a scroll of amnesia {unknown}
 y - a scroll of enchant weapon {unknown}
Potions
 o - 3 potions of curing
Comestibles
 g - 16 rations


   Skills:
 - Level 2.0 Fighting
 + Level 5.8 Short Blades
 - Level 1.7 Throwing
 - Level 0.7 Dodging
 + Level 12.7 Stealth
 + Level 1.7 Shields


You had 5 spell levels left.
You knew the following spells:

 Your Spells              Type           Power        Failure   Level  Hunger
a - Blink                 Tloc           N/A          54%         2    ###....

Your spell library contained the following spells:

 Spells                   Type           Power        Failure   Level  Hunger
 Magic Dart               Conj           #...         41%         1    ##.....
 Call Imp                 Summ           #.......     54%         2    ###....
 Slow                     Hex            #.......     54%         2    ###....
 Conjure Flame            Conj/Fire      #.......     78%         3    ####...
 Mephitic Cloud           Conj/Pois/Air  #.......     78%         3    ####...


Dungeon Overview and Level Annotations

Branches:
Dungeon (6/15)
 Temple: D:4-7

Altars:
Ashenzari
Cheibriados
Hepliaklqana
Makhleb
Nemelex Xobeh
Uskayaw

Annotations:
D:1 exclusion: downstairs
D:5 4 transporters, Lanoc's ghost, amateur DsBe


Innate Abilities, Weirdness & Mutations

You cannot wear boots.
Your serpentine skin is tough. (AC +2)
You have supernaturally acute eyesight. (SInv)
Armour fits poorly on your strangely shaped body.
Your system is resistant to poisons. (rPois)
You cover ground very slowly.
You have a slow metabolism.
You can spit poison.
You are partially covered in large bone plates. (SH +4)
Your body often deteriorates upon taking damage.
You occasionally shout uncontrollably at your foes.


Message History

You block the shadow imp's attack. The centaur hits you.
* * * LOW HITPOINT WARNING * * *
You barely miss the centaur.
The centaur is heavily wounded.
The crimson imp hits you.
* * * LOW HITPOINT WARNING * * *
You block the centaur's attack.
The shadow imp hits you but does no damage.
You hit the centaur.
The centaur is heavily wounded.
The centaur barely misses you.
The crimson imp shouts, "Slither hence, thou hateful kobold-kissing gonus!"
The crimson imp blinks!
You hit the centaur.
The centaur is severely wounded.
You block the centaur's attack. The shadow imp closely misses you.
You hit the centaur.
The centaur is almost dead.
The centaur hits you!
You die...

# # # #
################## #
.................#######
######.########........
##.####..# ########.
.......@.# #. .#....c.5#
## .......5.# .#.#.....#
....#...## .#.......
..#.....# ...#..#.#


You could see a centaur, a crimson imp and a shadow imp.

Vanquished Creatures
  An orc warrior (D:6)
  A sky beast (D:5)
  An ice beast (D:5)
  A bullfrog (D:6)
  2 scorpions
  A howler monkey (D:5)
  2 crimson imps
  A bullfrog zombie (D:6)
  An orc priest (D:6)
  A jelly (D:5)
  Crazy Yiuf (D:2)
  4 hounds
  2 orc wizards
  Jessica (D:3)
  Natasha (thrice) (D:3)
  A worker ant (D:3)
  A worker ant zombie (D:5)
  10 adders
  3 worms
  2 dart slugs
  5 leopard geckos
  13 orcs
  2 ball pythons
  6 bats
  2 giant cockroaches (D:1)
  6 goblins
  7 hobgoblins
  3 jackals (D:2)
  2 quokkas
  5 frilled lizards
  4 kobolds
  2 leopard gecko skeletons (D:5)
  6 rats
103 creatures vanquished.

Notes
Turn   | Place    | Note
-------+----------+-------------------------------------------
     0 | D:1      | Varus the Naga Assassin began the quest for the Orb.
     0 | D:1      | Reached XP level 1. HP: 19/19 MP: 1/1
    10 | D:1      | Reached skill level 6 in Stealth
   282 | D:1      | Reached XP level 2. HP: 26/26 MP: 2/2
   913 | D:1      | Reached skill level 7 in Stealth
   950 | D:1      | Reached XP level 3. HP: 32/32 MP: 3/3
  1234 | D:2      | Learned a level 2 spell: Blink
  1855 | D:2      | Found a runed door.
  1885 | D:2      | Reached XP level 4. HP: 37/39 MP: 4/4
  2375 | D:2      | Noticed Crazy Yiuf
  2387 | D:2      | Killed Crazy Yiuf
  2387 | D:2      | Reached skill level 8 in Stealth
  2681 | D:3      | Found a sparkling altar of Nemelex Xobeh.
  2740 | D:3      | Found a shattered altar of Ashenzari.
  2756 | D:3      | Reached XP level 5. HP: 45/45 MP: 5/5
  2807 | D:3      | Noticed Jessica
  2809 | D:3      | Noticed Natasha
  2815 | D:3      | Killed Jessica
  2822 | D:3      | Killed Natasha
  3033 | D:3      | Noticed Natasha
  3061 | D:3      | Killed Natasha
  3061 | D:3      | Reached skill level 9 in Stealth
  3158 | D:3      | Reached XP level 6. HP: 51/52 MP: 6/6
  3199 | D:3      | Noticed Natasha
  3213 | D:3      | Killed Natasha
  3513 | D:3      | Found a snail-covered altar of Cheibriados.
  3981 | D:4      | Reached skill level 10 in Stealth
  4095 | D:4      | Reached skill level 1 in Shields
  4095 | D:4      | Reached XP level 7. HP: 51/60 MP: 7/7
  4547 | D:5      | Entered Level 5 of the Dungeon
  4580 | D:5      | Noticed Lanoc's ghost (amateur DsBe)
  4581 | D:5      | Found a transporter.
  4587 | D:5      | Found a hazy altar of Hepliaklqana.
  4602 | D:5      | Reached skill level 5 in Short Blades
  4667 | D:5      | Reached skill level 11 in Stealth
  4895 | D:5      | Found a transporter.
  4899 | D:5      | Reached XP level 8. HP: 67/67 MP: 8/8
  4980 | D:5      | Found a transporter.
  5051 | D:5      | Found a hide-covered altar of Uskayaw.
  5201 | D:5      | Found a transporter.
  5367 | D:5      | Gained mutation: Your spells are a little harder to cast,
                  | but a little more powerful. [potion of mutation]
  5367 | D:5      | Gained mutation: You have a pair of small horns on your
                  | head. [potion of mutation]
  5368 | D:5      | Lost mutation: Your spells are a little harder to cast, but
                  | a little more powerful. [potion of mutation]
  5368 | D:5      | Lost mutation: You have a pair of small horns on your head.
                  | [potion of mutation]
  5368 | D:5      | Gained mutation: You occasionally shout uncontrollably at
                  | your foes. [potion of mutation]
  5368 | D:5      | Gained mutation: Your body sometimes deteriorates upon
                  | taking damage. [potion of mutation]
  5368 | D:5      | Gained mutation: Your body often deteriorates upon taking
                  | damage. [potion of mutation]
  5368 | D:5      | Gained mutation: You are partially covered in large bone
                  | plates. (SH +4) [potion of mutation]
  5431 | D:6      | Reached skill level 12 in Stealth
  5701 | D:6      | Found a burning altar of Makhleb.
  5761 | D:6      | Slain by a centaur

Vault maps used:
D:1:      dpeg_arrival_pits, serial_curves, eino_curves_03, eino_curves_02,
          dk_noncrumbling_2
D:2:      first_ration, uniq_crazy_yiuf_cottage
D:3:      wad_pebble_path, nemelex_xobeh_ov_fountains_minmay,
          nicolae_overflow_crystal_walls, cheibrodos_ashenzari_chains,
          uniq_jessica, uniq_natasha
D:4:      minivault_24
D:5:      gammafunk_cloud_chamber, eat_drink_and_be_merry_uskayaw,
          overflow_temple_1_default, gammafunk_ghost_arena
D:6:      nicolae_qazlal_general_emergency, gup_sewer_entry_spiral,
          hangedman_decor_opposing, lemuel_statue_altar

Skill      XL: |  1  2  3  4  5  6  7  8 |
---------------+-------------------------+-----
Stealth        | 6 7 8 9 10 11 12 | 12.7
Short Blades   | 3 4 5 |  5.8
Shields        | 1 |  1.7
Fighting       | |  2.0
Throwing       | |  1.7
Dodging        | |  0.7

Action                   |  1- 3 |  4- 6 |  7- 9 || total
-------------------------+-------+-------+-------++-------
Melee: Dagger            |   115 |   149 |   135 ||   399
 Abil: Spit Poison       |       |     1 |     1 ||     2
  Use: Potion            |       |       |     7 ||     7
       Scroll            |       |       |     5 ||     5
 Stab: Sleeping          |    12 |    14 |    19 ||    45
       Distracted        |       |     1 |       ||     1
  Eat: Chunk             |     2 |     6 |     4 ||    12
Armor: Robe              |    28 |    13 |       ||    41
       Skin              |       |    10 |    24 ||    34
Dodge: Dodged            |    54 |    42 |    32 ||   128
Block: Buckler           |     5 |    13 |    35 ||    53

Table legend:
 A = Non-vault XP
 B = Vault XP
 C = Vault XP percentage of total XP
 D = Non-vault monster count
 E = Vault monster count
 F = Vault count percentage of total count
                 A         B        C        D         E       F
            +---------+---------+-------+---------+---------+-------
      Total |    1535 |     112 |   6.8 |     100 |       3 |   2.9
            +---------+---------+-------+---------+---------+-------
        D:1 |      35 |       0 |   0.0 |      19 |       0 |   0.0
        D:2 |      73 |      40 |  35.4 |      22 |       1 |   4.3
        D:3 |     282 |      72 |  20.3 |      20 |       2 |   9.1
        D:4 |     177 |       0 |   0.0 |      12 |       0 |   0.0
        D:5 |     599 |       0 |   0.0 |      16 |       0 |   0.0
        D:6 |     369 |       0 |   0.0 |      11 |       0 |   0.0
            +---------+---------+-------+---------+---------+-------
